Map: Aura da Morte LE

Players

Zodte - Winner!

  • Race: Terran Terran
  • League: Diamond
  • Spawn Location: 5:00

Lovatel

  • Race: Terran Terran
  • League: Master
  • Spawn Location: 11:00

VOD

Have the link to the VOD?

Description

Time

  • Played on: Aug. 7, 2020, 5:23 p.m.
  • Length: 19:20
Show
View Real Time Build Order
Export as new Build Order

Zodte Terran - Winner!

Build Orders: 1/1/1 

Get SALT Encoding   

  12  0:00  SCV  
  13  0:12  SCV  
  14  0:17  Supply Depot  
  14  0:24  SCV  
  14  0:28  Refinery  
  15  0:38  SCV  
  16  0:45  Barracks  
  16  0:50  SCV  
  16  0:55  Refinery  
  17  1:02  SCV  
  18  1:14  SCV  
  19  1:27  SCV  
  19  1:32  Marine  
  21  1:34  Factory  
  21  1:40  Orbital Command  
  21  1:49  Supply Depot  
  21  1:53  Marine  
  22  2:07  SCV  
  23  2:11  Barracks Reactor  
  23  2:17  Factory Tech Lab  
  23  2:19  SCV  
  24  2:23  Starport  
  24  2:31  SCV  
  24  2:35  Siege Tank  
  28  2:43  Supply Depot  
  28  2:47  Marine  
  28  2:48  Marine  
  28  2:49  SCV  
  31  3:04  Supply Depot, Medivac  
  33  3:05  Marine x2  
  35  3:13  SCV  
  35  3:17  Siege Tank  
  39  3:26  Marine  
  40  3:29  Supply Depot  
  40  3:34  Medivac  
  40  3:35  Marine  
  40  3:37  SCV  
  44  3:44  Marine  
  45  3:49  SCV  
  46  4:01  SCV  
  47  4:10  Command Center  
  47  4:11  Siege Tank  
  50  4:20  SCV  
  51  4:25  Viking  
  53  4:32  SCV  
  53  4:35  Supply Depot  
  54  4:49  SCV  
  55  4:57  Viking  
  55  4:58  Viking  
  55  4:59  Siege Tank  
  58  5:01  SCV  
  59  5:09  Supply Depot  
  59  5:13  SCV  
  55  5:27  Viking  
  57  5:31  Siege Tank  
  60  5:37  Refinery x2  
  60  5:40  Orbital Command  
  51  5:51  Starport  
  51  5:57  SCV  
  51  5:59  Viking  
  54  6:09  SCV  
  54  6:10  SCV  
  56  6:14  Viking  
  58  6:22  SCV x2  
  58  6:25  Siege Tank  
  63  6:31  Viking  
  65  6:34  Starport Reactor, SCV x2  
  67  6:46  SCV x2  
  69  6:57  Siege Tank  
  69  6:58  SCV x2  
  74  7:04  Viking x2  
  78  7:10  Viking, SCV  
  78  7:11  Viking  
  83  7:20  Supply Depot  
  83  7:22  Supply Depot  
  83  7:26  Supply Depot  
  78  7:34  Viking  
  78  7:41  Viking x2  
  82  7:52  Command Center  
  82  8:12  Siege Tank  
  85  8:19  Viking x3  
  90  8:20  Viking  
  90  8:21  SCV x2  
  94  8:37  Factory  
  94  8:44  Siege Tank  
  97  8:52  Command Center  
  97  9:16  Siege Tank  
  98  9:29  Viking  
  98  9:30  Viking x3  
  106  9:36  SCV x2  
  96  9:49  Siege Tank  
  99  9:59  Viking  
  101  10:00  Viking x2  
  105  10:07  Viking  
  104  10:20  SCV  
  104  10:21  SCV  
  104  10:29  Viking, Orbital Command  
  104  10:30  Viking x2, Orbital Command  
  104  10:33  SCV x2  
  104  10:35  Factory Tech Lab  
  112  10:36  Factory  
  112  10:37  Viking  
  114  10:45  SCV x2  
  116  10:57  SCV x2  
  116  11:03  SCV x2  
  117  11:09  SCV x2  
  117  11:10  Siege Tank x2  
  125  11:14  Refinery x2  
  125  11:15  SCV x2  
  127  11:23  SCV x2  
  129  11:27  SCV  
  129  11:32  SCV  
  131  11:35  SCV x2, Refinery  
  131  11:36  Refinery  
  133  11:41  Factory Tech Lab  
  133  11:42  Siege Tank  
  133  11:44  Factory  
  136  12:04  Siege Tank  
  139  12:15  Siege Tank x2  
  139  12:17  Viking x3  
  139  12:18  Viking  
  104  12:36  Siege Tank  
  105  12:47  Viking x3, Siege Tank, SCV  
  105  12:48  SCV x3  
  118  12:51  Siege Tank  
  121  12:59  SCV  
  121  13:00  SCV  
  123  13:08  Siege Tank  
  126  13:13  Command Center  
  126  13:14  Armory x2  
  126  13:15  Factory  
  126  13:18  Factory Tech Lab  
  126  13:19  Siege Tank  
  129  13:20  Factory, Factory Reactor  
  129  13:22  Factory  
  129  13:27  Viking x4, Command Center  
  131  13:32  Command Center  
  136  13:42  Armory  
  136  13:47  Siege Tank  
  139  13:57  Siege Tank  
  128  14:08  Siege Tank  
  129  14:19  Siege Tank  
  128  14:29  Siege Tank  
  127  14:40  Siege Tank  
  125  14:48  Factory Tech Lab  
  122  15:06  SCV x3  
  125  15:08  Viking x4  
  125  15:13  Orbital Command, Command Center  
  133  15:29  Terran Vehicle Weapons Level 1  
  133  15:30  Terran Ship Weapons Level 1, Terran Vehicle And Ship Armor Level 1  
  133  15:31  Factory Tech Lab  
  133  15:32  Factory Tech Lab  
  133  15:37  Viking  
  133  15:38  Viking x3  
  141  15:43  SCV x2  
  141  15:45  Command Center  
  141  15:46  Hellion x2  
  141  15:47  Hellion x2  
  141  15:48  Infernal Pre-Igniter  
  151  15:51  SCV  
  151  15:52  SCV  
  151  15:55  SCV  
  154  16:00  SCV  
  155  16:24  Viking x4, Hellion x3, SCV  
  170  16:26  Refinery x2  
  170  16:33  SCV  
  170  16:34  Smart Servos  
  169  16:54  Engineering Bay  
  169  16:57  Viking x4, Hellion  
  169  16:59  Supply Depot  
  169  17:00  Supply Depot x2  
  176  17:19  Hellion  
  170  17:27  Viking x4  
  176  17:40  Siege Tank x4  
  188  17:57  Viking x3  
  191  18:02  Siege Tank x2  
  185  18:24  Viking  
  187  18:27  Viking  
  174  18:46  Siege Tank x2  
  174  18:47  Siege Tank  
Show
View Real Time Build Order
Export as new Build Order

Lovatel Terran 

Build Orders: 1/1/1 

Get SALT Encoding   

  12  0:00  SCV  
  13  0:12  SCV  
  14  0:17  Supply Depot  
  14  0:24  SCV  
  15  0:38  SCV  
  15  0:40  Barracks  
  16  0:46  Refinery  
  16  0:50  SCV  
  17  1:00  Refinery  
  17  1:02  SCV  
  18  1:14  SCV  
  19  1:27  Orbital Command  
  19  1:32  Marine  
  19  1:39  Factory  
  20  1:50  Marine  
  20  1:53  SCV  
  22  2:05  SCV  
  23  2:12  Supply Depot  
  23  2:20  Barracks Tech Lab  
  23  2:23  Starport  
  23  2:24  Factory Reactor  
  23  2:34  SCV  
  24  2:43  Command Center  
  24  2:49  SCV  
  25  3:11  Barracks Tech Lab  
  25  3:12  Siege Tank  
  28  3:14  Viking  
  30  3:20  Supply Depot  
  30  3:23  SCV  
  31  3:34  Supply Depot  
  31  3:42  Viking, SCV  
  31  3:44  Siege Tank  
  37  3:52  Viking  
  37  3:54  SCV  
  40  4:04  Orbital Command  
  40  4:12  Viking  
  42  4:22  Viking  
  44  4:37  Orbital Command  
  41  4:55  Viking  
  41  4:56  Viking  
  45  5:07  Refinery x2  
  45  5:27  Orbital Command  
  45  6:00  Refinery x2  
  45  6:11  Command Center  
  45  6:12  SCV  
  46  6:23  Supply Depot  
  46  6:25  Supply Depot  
  46  6:44  Viking x2, Siege Tank, SCV  
  46  6:46  Supply Depot x2  
  54  6:47  SCV  
  55  6:57  SCV  
  55  6:59  SCV  
  57  7:09  SCV  
  57  7:11  SCV  
  57  7:14  Viking x2  
  63  7:17  Siege Tank  
  57  7:34  SCV x2  
  57  7:36  Orbital Command  
  55  7:38  Armory  
  55  7:45  Viking  
  55  7:46  SCV  
  55  7:47  SCV  
  57  7:52  Widow Mine  
  57  7:55  Marine  
  60  7:58  SCV  
  60  7:59  SCV  
  62  8:09  Viking  
  62  8:11  SCV  
  65  8:13  Widow Mine, Marine  
  68  8:30  Factory  
  68  8:31  Factory  
  68  8:35  SCV x3  
  68  8:36  Engineering Bay  
  68  8:37  Marine  
  72  8:47  SCV  
  72  8:48  Viking x2  
  77  8:50  Thor  
  77  8:53  SCV  
  77  8:54  SCV  
  85  8:59  SCV  
  81  9:35  Thor  
  81  9:36  Viking x2  
  81  9:37  Marine  
  82  9:42  Factory Tech Lab  
  76  9:49  Terran Vehicle Weapons Level 1  
  76  9:50  SCV  
  76  9:51  SCV  
  76  10:02  SCV  
  76  10:03  SCV  
  76  10:06  Viking  
  75  10:17  Thor  
  73  10:23  Viking  
  75  10:30  Marine  
  76  10:42  Supply Depot  
  76  10:43  Supply Depot  
  76  10:44  Supply Depot  
  76  10:47  Barracks x2  
  76  10:50  Command Center  
  76  11:00  Siege Tank  
  79  11:04  Siege Tank  
  79  11:10  Supply Depot, SCV x2  
  79  11:11  Supply Depot  
  81  11:15  Marine  
  86  11:22  SCV  
  87  11:32  Thor  
  89  11:35  Medivac x2  
  89  11:36  Thor  
  94  11:41  Orbital Command  
  91  11:47  Marine x3  
  91  11:53  Supply Depot  
  94  11:54  Supply Depot  
  93  12:05  Medivac x2, Marine x2  
  99  12:15  Siege Tank  
  96  12:38  SCV  
  96  12:39  Orbital Command  
  98  12:50  SCV  
  98  12:56  Terran Vehicle Weapons Level 2  
  98  12:57  Refinery  
  98  13:05  SCV  
  99  13:13  SCV  
  99  13:17  SCV  
  99  13:18  Orbital Command  
  101  13:25  SCV  
  102  14:00  Thor  
  74  14:45  Viking, Thor  
  80  14:46  Viking, Marine  
  80  14:49  Refinery  
  80  14:50  Refinery  
  84  14:55  Factory  
  84  14:56  Factory  
  84  14:57  Thor  
  86  15:04  Marine  
  81  15:08  SCV  
  81  15:09  SCV x2  
  84  15:15  Viking, Medivac  
  84  15:18  Terran Vehicle Weapons Level 3  
  84  15:21  SCV x2  
  90  15:23  Command Center  
  90  15:35  Missile Turret x2, SCV x3  
  93  15:38  Thor  
  99  15:43  Missile Turret x2  
  99  15:44  Missile Turret  
  99  15:45  Medivac  
  99  15:47  SCV x3  
  104  15:51  Supply Depot x2  
  104  15:54  Barracks Reactor  
  104  15:55  Barracks Reactor  
  104  15:59  SCV x2, Factory Tech Lab x2  
  104  16:03  Armory  
  106  16:06  Medivac  
  106  16:08  SCV  
  106  16:11  SCV, Factory Tech Lab  
  109  16:14  Refinery  
  109  16:16  Refinery  
  111  16:20  SCV  
  111  16:23  SCV  
  111  16:25  Thor  
  109  16:40  SCV x2  
  109  16:41  Planetary Fortress  
  109  16:46  Medivac x2  
  112  16:50  Orbital Command  
  112  16:52  SCV  
  112  16:53  Marine x4  
  112  16:54  Marine  
  117  16:55  SCV  
  119  17:04  SCV  
  117  17:10  Thor  
  117  17:11  Marine  
  86  17:28  Thor  
  80  17:40  Refinery  
  80  17:58  Command Center  
  80  18:03  Command Center  
  74  18:05  Marine x2  
  74  18:07  Thor  
  76  18:36  Thor  
  42  18:51  Marine  
  42  18:52  Marine x4  
  53  19:00  Command Center  
  53  19:01  Command Center  
Tags
 
Matchup
TvT
Opening
1/1/11/1/1
Race
Terran
Spawn Locations
Cross Positions
Add a new tag
Caveats
  • Supply blocks, unpowered buildings, or Contaminate may cause inaccurate times.
  • Supply counts are checked every 10 seconds.